 Dungeon Crawl Stone Soup version 0.24-a0-616-ge2a249a6fd (webtiles) character file.

Game seed: 15896214429479753041, levelgen mode: deterministic

184602 Gargoyl the Cleaver (level 17, 0/150 HPs)
             Began as a Centaur Abyssal Knight on Sept 11, 2019.
             Was a Priest of Lugonu.
             Slain by a vault warden
             ... wielding a +0 great sword
              (23 damage)
             ... on level 1 of the Vaults on Sept 14, 2019.
             The game lasted 01:34:13 (62599 turns).

Gargoyl the Cleaver (Centaur Abyssal Knight)       Turns: 62599, Time: 01:34:14

Health: 0/150      AC: 26    Str: 21      XL:     17   Next: 39%
Magic:  25/25      EV:  9    Int:  9 (11) God:    Lugonu [***...]
Gold:   1153       SH: 13    Dex: 16      Spells: 16/16 levels left

rFire    . . .     SeeInvis .   a - +9 hand axe (freeze)
rCold    + . .     Gourm    .   t - +2 shield {rC+}
rNeg     . . .     Faith    .   w - +4 plate armour {rPois}
rPois    +         Spirit   .   f - +0 helmet
rElec    .         Reflect  .   D - scarf {cloud immunity}
rCorr    .         Harm     .   k - +2 pair of gloves {Dex+3}
MR       ++...     Clarity  +   (no barding)
Stlth    ..........             L - amulet of the acrobat
HPRegen  0.35/turn              p - ring of protection from magic
MPRegen  0.19/turn              v - +3 ring of dexterity

@: very quick
A: large, hooves 3, icy blue scales 1, slimy green scales 1, clarity, deformed
body, speed 2, tough skin 3
}: 1/15 runes: gossamer
a: Depart the Abyss, Bend Space, Banish, Renounce Religion


You were on level 1 of the Vaults.
You worshipped Lugonu.
Lugonu was most pleased with you.
You were hungry.

You visited 5 branches of the dungeon, and saw 28 of its levels.
You visited the Abyss 2 times.
You also visited: Sewer.

You collected 3260 gold pieces.
You spent 2107 gold pieces at shops.

Inventory:

Hand Weapons
 a - a +9 hand axe of freezing (weapon)
 E - a +3 war axe of chopping
 K - a +8 trident of piercing
Missiles
 h - 25 boomerangs (quivered)
 l - 7 silver boomerangs
Armour
 f - a +0 helmet (worn)
 k - a +2 pair of gloves of dexterity (worn)
 q - the +1 chain mail of Irhiall {rF+ Dex+2 SInv}
   (You bought it in a shop on level 2 of the Orcish Mines)

   It affects your dexterity (+2).
   It protects you from fire.
   It lets you see invisible.
 t - a +2 shield of cold resistance (worn)
 w - a +4 plate armour of poison resistance (worn)
 D - a scarf of cloud immunity (worn)
Jewellery
 b - an uncursed ring of see invisible
 g - an uncursed ring of positive energy
 o - a +3 ring of protection
 p - a ring of protection from magic (left hand)
 v - a +3 ring of dexterity (right hand)
 I - an uncursed ring of protection from cold
 J - an uncursed ring of flight
 L - an amulet of the acrobat (around neck)
Wands
 d - a wand of random effects (21)
 j - a wand of paralysis (18)
 y - a wand of digging (9)
 A - a wand of disintegration (17)
 F - a wand of flame (98)
 N - a wand of acid (24)
 S - a wand of enslavement (22)
 U - a wand of iceblast (5)
Scrolls
 e - 9 scrolls of identify
 m - 14 scrolls of teleportation
 x - 10 scrolls of remove curse
 C - 7 scrolls of magic mapping
 O - a scroll of blinking
 Q - a scroll of fog
Potions
 i - a potion of haste
 n - 5 potions of curing
 r - a potion of brilliance
 s - 5 potions of lignification
 u - a potion of magic
 z - 3 potions of flight
 G - 4 potions of ambrosia
Miscellaneous
 P - a lightning rod (4/4)
Comestibles
 c - 23 rations


   Skills:
 * Level 13.3 Fighting
 + Level 13.3 Axes
 + Level 3.4 Throwing
 * Level 12.7 Armour
 * Level 9.8 Dodging
 + Level 8.1 Shields
 * Level 11.8 Invocations
 + Level 2.4 Evocations


You had 16 spell levels left.
You didn't know any spells.
Your spell library contained the following spells:

 Spells                   Type           Power        Failure   Level  Hunger
 Confusing Touch          Hex            #.....       99%         1    ##.....
 Flame Tongue             Conj/Fire      #....        99%         1    ##.....
 Magic Dart               Conj           #...         99%         1    ##.....
 Sandblast                Erth           #.....       99%         1    ##.....
 Sting                    Conj/Pois      #...         99%         1    ##.....
 Summon Small Mammal      Summ           #...         99%         1    ##.....
 Blink                    Tloc           N/A          100%        2    ###....
 Call Imp                 Summ           #.......     100%        2    ###....
 Passwall                 Tmut/Erth      #.......     100%        2    ###....
 Poisonous Vapours        Pois/Air       #.....       100%        2    ###....
 Slow                     Hex            #.......     100%        2    ###....
 Throw Flame              Conj/Fire      #.....       100%        2    ###....
 Call Canine Familiar     Summ           #.......     100%        3    ####...
 Confuse                  Hex            #.......     100%        3    ####...
 Conjure Flame            Conj/Fire      #.......     100%        3    ####...
 Gell's Gravitas          Tloc           #.........   100%        3    ####...
 Inner Flame              Hex/Fire       #.......     100%        3    ####...
 Mephitic Cloud           Conj/Pois/Air  #.......     100%        3    ####...
 Regeneration             Chrm/Necr      #.........   100%        3    ####...
 Stone Arrow              Conj/Erth      #.....       100%        3    ####...
 Summon Guardian Golem    Hex/Summ       #.......     100%        3    ####...
 Olgreb's Toxic Radiance  Pois           #.......     100%        4    #####..
 Petrify                  Tmut/Erth      #.......     100%        4    #####..
 Sticky Flame             Conj/Fire      #.......     100%        4    #####..
 Summon Ice Beast         Ice/Summ       #.......     100%        4    #####..
 Summon Lightning Spire   Summ/Air       #.......     100%        4    #####..
 Fireball                 Conj/Fire      #.........   100%        5    ######.
 Lee's Rapid Deconstruct  Erth           #.........   100%        5    ######.
 Metabolic Englaciation   Hex/Ice        #.........   100%        5    ######.
 Silence                  Hex/Air        #.........   100%        5    ######.
 Venom Bolt               Conj/Pois      #.........   100%        5    ######.
 Yara's Violent Unravell  Hex/Tmut       #.........   100%        5    ######.
 Conjure Ball Lightning   Conj/Air       #.........   100%        6    #######
 Deflect Missiles         Chrm/Air       #.........   100%        6    #######
 Shadow Creatures         Summ           N/A          100%        6    #######
 Tornado                  Air            #.........   100%        9    #######


Dungeon Overview and Level Annotations

Branches:
Dungeon (15/15)            Temple (0/1) D:7            Lair (6/6) D:11
  Swamp (0/4) Lair:2       Spider (4/4) Lair:4        Slime (0/5) Lair:6
    Orc (2/2) D:11            Elf (0/3) Orc:2        Vaults (1/5) D:14
 Depths (0/5) D:15          Sewer (visited)

Altars:
Ashenzari
Cheibriados
Dithmenos
Fedhas
Hepliaklqana
Nemelex Xobeh
Okawaru
Qazlal
Ru
Sif Muna
Trog
Wu Jian
Xom
Zin
Beogh
Jiyva

Shops:
D:11 !   D:13 [*}}   Orc:1 }   Orc:2 *[*(

Annotations:
D:8 exclusions: ice statue and oklob plant
D:15 corrupted
Spider:4 corrupted


Innate Abilities, Weirdness & Mutations

You have hooves in place of feet.
Armour fits poorly on your strangely shaped body.
You cover ground very quickly.
You have extremely tough skin. (AC +3)
You are partially covered in icy blue scales. (AC +2)
You are partially covered in slimy green scales. (AC +2)
You possess an exceptional clarity of mind.


Message History

The vault warden hits you with a +0 great sword!!!
* * * LOW HITPOINT WARNING * * *
You hit the vault warden. You freeze the vault warden.
You kick the vault warden.
The vault warden is almost dead.
You hit the vault warden. You freeze the vault warden.
You kick the vault warden, but do no damage.
The vault warden is almost dead.
You block the vault warden's attack.
The deep elf mage gestures wildly while chanting.
The deep elf mage blinks!
You barely miss the vault warden.
The vault warden is almost dead.
The ironbrand convoker gestures at the deep elf mage while chanting.
The deep elf mage seems to grow stronger.
Unknown command.
Okay, then.
You feel better.
The vault warden hits you with a +0 great sword!!
You die...

.....[.(........
p...............
............... # #
#............ #.#
.######.......... #...##
..#####........# #.....###
....####......##
#....E###......#.....##.
+....pp@+......#.....#.#
#.e§.p###......#...).#.#
#.....###.....####.....#.#
#...## #...#####......#'#
#.# #.######..........
##########'####............
.............([............
.......[.(..()..)..........
######'######....##########


You could see an ironheart preserver, a vault warden, an ironbrand convoker, an
earth elemental and a deep elf mage.

Vanquished Creatures
  Arachne (Spider:4)
  Jorgrun (D:11)
  Rupert (Orc:1)
  Asterion (Spider:1)
  An Executioner (Abyss:3)
  Kirke (D:14)
  Roxanne (Spider:2)
  3 ghost moths
  A deep elf sorcerer (Vaults:1)
  A vault warden (Vaults:1)
  5 emperor scorpions
  2 entropy weavers
  Josephine (Lair:6)
  A great orb of eyes (Abyss:3)
  2 vault guards (D:14)
  A merfolk avatar (Lair:6)
  A hydra (Lair:5)
  Harold (Lair:2)
  An ogre mage (Vaults:1)
  A centaur warrior (D:11)
  9 two-headed ogres
  4 orc high priests
  2 tengu warriors
  A deep elf knight (Vaults:1)
  A fire crab (Lair:2)
  A wretched star (Abyss:3)
  A spatial maelstrom (Abyss:2)
  A skeletal warrior (D:11)
  A sea snake (Lair:6)
  5 unseen horrors
  A wizard (D:14)
  A deep elf archer (Vaults:1)
  A wolf spider zombie (D:15)
  7 orc knights
  3 deep elf magi
  A necromancer (D:14)
  4 cyclopes
  14 orb spiders
  5 manticores
  9 ugly things
  20 wolf spiders
  7 orc sorcerers
  4 moths of wrath
  A moth of wrath (shapeshifter) (D:14)
  A large abomination (Abyss:2)
  Maurice (D:10)
  5 elephants
  An apocalypse crab (Abyss:2)
  2 centaur zombies
  2 torpor snails
  The ghost of Gargoyl the Covered, a novice CeAK of Lugonu (D:6)
  A gargoyle (D:11)
  7 black mambas
  A smoke demon (Abyss:3)
  5 centaur skeletons
  A kobold demonologist (D:13)
  10 spiny frogs
  5 rime drakes
  7 komodo dragons
  A yaktaur (D:14)
  13 demonic crawlers
  A yaktaur (shapeshifter) (D:10)
  A red devil (Abyss:3)
  3 tengu conjurers
  28 jumping spiders
  7 trolls
  2 harpy skeletons (D:15)
  5 polar bears
  4 hornets
  Prince Ribbit (D:6)
  A raiju (Abyss:2)
  5 slime creatures
  11 dream sheep
  24 blink frogs
  9 hippogriffs
  A shadow (D:11)
  5 wraiths
  26 tarantellas
  59 redbacks
  20 humans
  5 wyverns
  56 yaks
  A hungry ghost (D:9)
  A steam dragon (D:12)
  3 basilisks
  3 hogs (D:14)
  2 soldier ants (D:11)
  4 wargs
  3 acid dragons (D:14)
  17 water moccasins
  Duvessa (D:7)
  5 porcupines
  2 necrophages
  15 ice beasts
  7 sky beasts
  A black bear (D:7)
  15 ogres
  29 orc warriors
  6 phantoms
  8 wolves
  11 centaurs
  3 boggarts
  An eye of draining (D:14)
  11 crocodiles
  A big kobold (shapeshifter) (D:14)
  9 big kobolds
  16 bullfrogs
  2 gnoll sergeants
  2 small abominations
  A wyvern zombie (D:8)
  Dowan (D:7)
  A water moccasin zombie (D:9)
  A wyvern skeleton (D:4)
  5 scorpions
  5 killer bees
  7 wights
  A howler monkey (D:11)
  4 electric eels
  3 crimson imps
  6 jellies
  18 orc wizards
  A gnoll shaman (D:5)
  8 hounds
  17 orc priests
  2 iguanas
  13 worker ants
  A killer bee zombie (D:6)
  2 hound zombies
  A hound skeleton (D:7)
  2 worker ant zombies
  Robin (D:2)
  12 gnolls
  13 adders
  3 shadow imps
  A white imp (Abyss:3)
  An ooze (D:3)
  10 worms
  4 dart slugs
  7 leopard geckos
  86 orcs
  11 giant cockroaches
  17 goblins
  12 hobgoblins
  10 jackals
  9 quokkas
  2 ball pythons
  20 bats
  4 frilled lizards
  A jackal skeleton (D:5)
  A jackal zombie (D:5)
  30 kobolds
  A quokka skeleton (D:4)
  11 rats
  4 fungi
  A plant (Lair:2)
1021 creatures vanquished.

Vanquished Creatures (collateral kills)
  A deep elf sorcerer (Vaults:1)
  An ironheart preserver (Vaults:1)
2 creatures vanquished.

Vanquished Creatures (others)
  Mara (Spider:4)
  A ghost moth (Spider:4)
  3 entropy weavers
  A spark wasp (Spider:4)
  An ice dragon (D:11)
  A rakshasa (D:15)
  7 hydras
  A deep elf knight (D:11)
  An unseen horror (D:15)
  An orc knight (D:11)
  2 oklob plants (Lair:6)
  2 orb spiders (Spider:4)
  A shining eye (shapeshifter) (D:15)
  A deep elf mage (Vaults:1)
  A wolf spider (Lair:4)
  A guardian serpent (shapeshifter) (D:11)
  A moth of wrath (Spider:4)
  A demonic crawler (Spider:4)
  A meliai (D:11)
  4 hornets (Spider:4)
  A polar bear (Lair:5)
  A redback (Spider:4)
  10 tarantellas (Spider:4)
  A vampire (D:11)
  3 yaks (Lair:6)
  An orc warrior (D:6)
  A boggart (D:15)
  2 bullfrogs (D:15)
  An orc (Orc:2)
  14 fungi
  16 plants
  12 starspawn tentacles (Spider:4)
  16 toadstools (D:8)
112 creatures vanquished.

Grand Total: 1135 creatures vanquished

Notes
Turn   | Place    | Note
-------+----------+-------------------------------------------
     0 | Abyss:1  | Gargoyl the Centaur Abyssal Knight began the quest for the
                  | Orb.
     0 | Abyss:1  | Reached XP level 1. HP: 19/19 MP: 2/2
    28 | Abyss:1  | Noticed a sixfirhy
    30 | D:1      | Escaped the Abyss
    53 | D:1      | Reached * piety under Lugonu
   121 | D:1      | Reached XP level 2. HP: 21/26 MP: 3/3
   364 | D:1      | Reached skill level 1 in Dodging
   364 | D:1      | Reached XP level 3. HP: 26/31 MP: 4/4
  1090 | D:1      | Reached ** piety under Lugonu
  1719 | D:2      | Reached XP level 4. HP: 28/38 MP: 5/5
  2435 | D:3      | Noticed Robin
  2726 | D:2      | Killed Robin
  2795 | D:3      | Reached XP level 5. HP: 42/45 MP: 7/7
  2855 | D:3      | Found a shadowy altar of Dithmenos.
  2855 | D:3      | Found an ornate altar of the Wu Jian Council.
  2855 | D:3      | Found a bloodstained altar of Trog.
  2855 | D:3      | Found a shimmering altar of Xom.
  2858 | D:3      | Reached *** piety under Lugonu
  3530 | D:4      | Noticed a phantom
  3559 | D:4      | Killed a phantom
  3559 | D:4      | Reached XP level 6. HP: 26/52 MP: 8/8
  4119 | D:4      | Found a hazy altar of Hepliaklqana.
  4119 | D:4      | Found a sacrificial altar of Ru.
  4120 | D:4      | Found a snail-covered altar of Cheibriados.
  4120 | D:4      | Found a shimmering blue altar of Sif Muna.
  4127 | D:4      | Found a shattered altar of Ashenzari.
  4127 | D:4      | Found a glowing silver altar of Zin.
  4128 | D:4      | Found an iron altar of Okawaru.
  4650 | D:4      | Reached XP level 7. HP: 38/59 MP: 9/9
  5314 | D:5      | Entered Level 5 of the Dungeon
  5324 | D:5      | Got a steaming long sword
  5325 | D:5      | Identified the +5 long sword "Neofih" {drain, rPois MP+9
                  | Int+5 Dex-4} (You found it on level 5 of the Dungeon)
  6346 | D:6      | Reached **** piety under Lugonu
  6346 | D:6      | Reached XP level 8. HP: 65/66 MP: 11/11
  6351 | D:6      | Found a stormy altar of Qazlal.
  6419 | D:6      | Found a glowing drain.
  6424 | Sewer    | Entered a sewer
  6794 | D:6      | Reached skill level 5 in Axes
  7082 | D:5      | Reached skill level 5 in Armour
  7350 | D:5      | Reached skill level 5 in Invocations
  7497 | D:5      | Reached XP level 9. HP: 57/72 MP: 12/12
  8762 | D:6      | Noticed Gargoyl's ghost (novice CeAK)
  9020 | D:6      | Found a transporter.
  9031 | D:6      | Found a transporter.
  9424 | D:6      | Killed Gargoyl's ghost
  9424 | D:6      | Reached skill level 5 in Fighting
  9424 | D:6      | Reached skill level 1 in Shields
  9424 | D:6      | Reached skill level 1 in Evocations
  9572 | D:7      | Found a staircase to the Ecumenical Temple.
  9763 | D:7      | Upgraded the game from 0.24-a0-613-g1ff6aac338 to
                  | 0.24-a0-616-ge2a249a6fd
 10139 | D:7      | Noticed Dowan
 10141 | D:7      | Noticed Duvessa
 10142 | D:7      | Noticed Prince Ribbit
 10213 | D:6      | Killed Prince Ribbit
 10332 | D:7      | Killed Duvessa
 10336 | D:7      | Killed Dowan
 10841 | D:8      | Reached XP level 10. HP: 70/81 MP: 14/14
 11048 | D:8      | Noticed an ice statue
 11234 | D:8      | Found a blossoming altar of Fedhas.
 11245 | D:8      | Noticed an oklob plant
 11441 | D:8      | Reached ***** piety under Lugonu
 12432 | D:9      | Gained mutation: You possess an exceptional clarity of
                  | mind. [potion of mutation]
 12432 | D:9      | Gained mutation: You are partially covered in icy blue
                  | scales. (AC +2) [potion of mutation]
 12432 | D:9      | Gained mutation: You are partially covered in slimy green
                  | scales. (AC +2) [potion of mutation]
 12834 | D:9      | Noticed a two-headed ogre
 12849 | D:9      | Killed a two-headed ogre
 12849 | D:9      | Reached skill level 5 in Dodging
 13073 | D:10     | Entered Level 10 of the Dungeon
 13843 | D:10     | Noticed Maurice
 13947 | D:10     | Killed Maurice
 13947 | D:10     | Reached XP level 11. HP: 91/91 MP: 16/16
 14221 | D:10     | Noticed a two-headed ogre
 14235 | D:10     | Killed a two-headed ogre
 14390 | D:10     | Found a sparkling altar of Nemelex Xobeh.
 14965 | D:11     | Found a staircase to the Orcish Mines.
 14981 | D:11     | Noticed an unseen horror
 14999 | D:11     | Noticed a seven-headed hydra
 15006 | D:11     | Banished a seven-headed hydra
 15006 | D:11     | Reached skill level 1 in Throwing
 15008 | D:11     | Noticed Sonja
 15010 | D:11     | Killed an unseen horror
 15011 | D:11     | Noticed Sonja
 15011 | D:11     | Sonja changed into Sonja the soldier ant
 15022 | D:11     | Killed Sonja the soldier ant
 15522 | D:11     | Identified the Catalogue of Summoning and Clay
 15540 | D:11     | Noticed a two-headed ogre
 15552 | D:11     | Killed a two-headed ogre
 15736 | D:11     | Noticed a green ugly thing
 15760 | D:11     | Killed a green ugly thing
 15768 | D:11     | Noticed a lindwurm
 15781 | D:11     | a lindwurm changed into a yaktaur
 16250 | D:11     | Noticed an eight-headed hydra
 16295 | D:11     | Banished an eight-headed hydra
 16610 | D:11     | Noticed an unseen horror
 16621 | D:11     | Killed an unseen horror
 16720 | D:11     | Noticed a two-headed ogre
 16734 | D:11     | Reached XP level 12. HP: 76/101 MP: 17/17
 16743 | D:11     | Killed a two-headed ogre
 17734 | D:11     | Found a viscous altar of Jiyva.
 17919 | D:11     | Found a staircase to the Lair.
 17937 | D:11     | Found Teunang's Distillery.
 17946 | D:11     | Bought 2 potions of heal wounds for 120 gold pieces
 17946 | D:11     | Bought a potion of heal wounds for 60 gold pieces
 17946 | D:11     | Bought a potion of berserk rage for 60 gold pieces
 17946 | D:11     | Bought a potion of curing for 36 gold pieces
 17946 | D:11     | Bought a potion of might for 48 gold pieces
 17946 | D:11     | Noticed a centaur warrior
 17963 | D:11     | Killed a centaur warrior
 18712 | D:11     | Noticed an ice dragon
 18719 | D:11     | Banished an ice dragon
 20177 | D:12     | Noticed an eight-headed hydra
 20181 | D:12     | Banished an eight-headed hydra
 20304 | D:12     | Noticed a two-headed ogre
 20347 | D:12     | Killed a two-headed ogre
 20894 | D:13     | Found Supao's Assorted Antiques.
 20929 | D:13     | Reached skill level 10 in Axes
 21038 | D:13     | Bought a scroll of enchant weapon for 247 gold pieces
 21324 | D:13     | Found Hagadar's Antique Armour Boutique.
 21327 | D:13     | Bought a runed scarf for 264 gold pieces
 21394 | D:13     | Found Baemy's Gadget Emporium.
 21406 | D:13     | Found Yjum's Gadget Shoppe.
 21636 | D:13     | You fall into a shaft and drop 2 floors!
 21636 | D:15     | Entered Level 15 of the Dungeon
 21636 | D:15     | Noticed a two-headed ogre
 21647 | D:15     | Killed a two-headed ogre
 22343 | Lair:1   | Entered Level 1 of the Lair of Beasts
 22373 | Lair:1   | Reached XP level 13. HP: 70/111 MP: 18/18
 22748 | Lair:1   | Identified the Compendium of Attacks and Unholy Rites
 23685 | Lair:2   | Found a staircase to the Swamp.
 24153 | Lair:2   | Reached skill level 5 in Shields
 24930 | Lair:2   | Noticed Harold
 25038 | Lair:2   | Killed Harold
 25190 | Lair:2   | Reached skill level 10 in Fighting
 27591 | Lair:4   | Found a hole to the Spider Nest.
 29097 | Lair:5   | Reached XP level 14. HP: 110/122 MP: 19/19
 30507 | Lair:5   | You fall into a shaft and drop 1 floor!
 30507 | Lair:6   | Entered Level 6 of the Lair of Beasts
 30879 | Lair:6   | Reached skill level 10 in Armour
 31136 | Lair:5   | HP: 2/122 [polar bear (24)]
 33617 | Lair:6   | Found a staircase to the Slime Pits.
 33763 | Lair:6   | Noticed Josephine
 34102 | Lair:6   | Killed Josephine
 36892 | D:14     | Noticed Kirke
 36933 | D:14     | Killed Kirke
 37444 | D:14     | Reached XP level 15. HP: 115/130 MP: 21/21
 37640 | D:14     | Found a gate to the Vaults.
 38167 | D:15     | Corrupted D:15
 39981 | D:15     | Found a staircase to the Depths.
 40362 | Orc:1    | Entered Level 1 of the Orcish Mines
 40401 | Orc:1    | Noticed Jorgrun
 40457 | D:11     | Killed Jorgrun
 41918 | Orc:2    | Entered Level 2 of the Orcish Mines
 41918 | Orc:2    | Found a roughly hewn altar of Beogh.
 42015 | Orc:1    | Found Ycluhuk's Gadget Boutique.
 42960 | Orc:2    | Noticed Rupert
 43214 | Orc:1    | Killed Rupert
 44037 | Orc:2    | Found a staircase to the Elven Halls.
 45789 | Orc:2    | Found Neneumo's Antique Weapon Shoppe.
 45789 | Orc:2    | Found Ruur Ono's Assorted Antiques.
 45798 | Orc:2    | Found Ryrchaasch's Assorted Antiques.
 45798 | Orc:2    | Found Sonod's Armour Shop.
 45863 | Orc:2    | Bought a scroll of enchant armour for 187 gold pieces
 45863 | Orc:2    | Bought a scroll of enchant weapon for 187 gold pieces
 45863 | Orc:2    | Bought a potion of curing for 75 gold pieces
 45863 | Orc:2    | Bought a scroll of enchant weapon for 187 gold pieces
 45868 | Orc:2    | Bought a +1 pair of gloves of dexterity for 181 gold pieces
 45868 | Orc:2    | Bought the +1 chain mail of Irhiall {rF+ Dex+2 SInv} for
                  | 350 gold pieces
 45894 | Orc:2    | Bought a twisted emerald ring for 105 gold pieces
 46416 | Spider:1 | Entered Level 1 of the Spider Nest
 47122 | Lair:4   | Reached skill level 10 in Invocations
 48296 | Spider:2 | Reached XP level 16. HP: 133/139 MP: 23/23
 49019 | Spider:2 | Noticed Asterion
 49049 | Spider:1 | Killed Asterion
 50754 | Spider:2 | Identified Roxanne's Guide on Transmutation
 50754 | Spider:2 | Noticed Roxanne
 51292 | Spider:2 | Killed Roxanne
 52842 | Spider:4 | Entered Level 4 of the Spider Nest
 53214 | Spider:4 | Noticed Mara
 53222 | Spider:4 | Noticed Gargoyl's illusion
 54563 | Spider:4 | Noticed Gargoyl's illusion
 54904 | Spider:4 | Noticed Gargoyl's illusion
 55357 | Spider:4 | Noticed Gargoyl's illusion
 57096 | Spider:4 | Corrupted Spider:4
 57099 | Spider:4 | Killed Mara
 57100 | Spider:4 | Noticed a tentacled starspawn
 57130 | Spider:4 | Noticed a tentacled starspawn
 57172 | Spider:4 | Got a gossamer rune of Zot
 57187 | Spider:4 | Noticed a tentacled starspawn
 58595 | Spider:4 | Reached XP level 17. HP: 48/149 MP: 25/25
 58943 | Spider:4 | Noticed Arachne
 59092 | Spider:4 | Killed Arachne
 60674 | Vaults:1 | Entered Level 1 of the Vaults
 60692 | Vaults:1 | Paralysed by a hornet for 1 turns
 61429 | Vaults:1 | Cast into level 2 of the Abyss (a deep elf sorcerer)
 62099 | Abyss:3  | Noticed a bone dragon
 62100 | Vaults:1 | Escaped the Abyss
 62599 | Vaults:1 | Slain by a vault warden

Levels and vault maps discovered:
D:1:      dpeg_arrival_subterranean_lakeside_camping, layout_basic
D:2:      layout_rooms
D:3:      layout_basic, chequers_temple_overflow_statue_of_worship,
          first_ration, uniq_robin
D:4:      layout_loops_corners, grunt_temple_overflow_open
D:5:      layout_loops_ring
D:6:      layout_loops_ring, lemuel_crystal_altar, portal_sewer_entry_e,
          gammafunk_ghost_arena
D:7:      layout_gridville, minmay_temple_entry_butterflies,
          uniq_prince_ribbit1, uniq_duvessa
D:8:      cheibrodos_frozen_isle, layout_basic, blue_anna_alchemist
          [blue_anna_fruit_fields, blue_anna_fruit_fields], tgw_fedhas
D:9:      layout_irregular_city
D:10:     layout_small_grid, basic_altar, uniq_maurice
D:11:     minmay_the_grid_3x3 [minmay_the_grid_spin_star,
          minmay_the_grid_embedded, minmay_the_grid_large_cup,
          minmay_the_grid_pillar_ring, minmay_the_grid_aliased_spiral,
          minmay_the_grid_rooms, minmay_the_grid_dragon_a,
          minmay_the_grid_zigzag_pyramid, minmay_the_grid_prize_four_corners],
          layout_irregular_city, lair_entry_dummy, serial_shops, shop,
          hangedman_decor_growths, grunt_decor_one_mirror, jiyva_altar_1,
          uniq_sonja
D:12:     layout_irregular_city, nicolae_two_hexagons
D:13:     layout_cave_pools, serial_shops, kennysheep_mini, shop,
          nicolae_shop_stone, nicolae_shop_temple_entry_statues_fountains
D:14:     layout_stronghold, grunt_vaults_entry_tiered,
          infiniplex_staircase_spiral_double, uniq_kirke
D:15:     gammafunk_enter_depths_forms, layout_irregular_city,
          solitary_fountain, minmay_misc_feat_five, hex_large,
          minmay_misc_feat_cross
Lair:1:   layout_regular_city
Lair:2:   layout_gridlike, swamp_mist, beast_lair_carwin_8, uniq_harold
Lair:3:   layout_layer_cave
Lair:4:   layout_cave_pods, nicolae_spider_entry_non_spiders,
          chequers_serial_rivers_small_b, minivault_11,
          infiniplex_staircase_pool_2, serial_bayou_shore_a
Lair:5:   layout_cave_pods, infiniplex_staircase_pool, serial_bayou_shore_b,
          grunt_megastairs_2
Lair:6:   gammafunk_lair_ancient_temple, layout_misc_corridors,
          minmay_slime_entry_oklob_enclosed, serial_bayou_shore_b,
          uniq_josephine
Spider:1: layout_spider_delve
Spider:2: layout_spider_delve, uniq_roxanne, uniq_asterion
Spider:3: layout_spider_delve
Spider:4: johnstein_spider_rune_arachne_lair, drop_trap, uniq_mara
Orc:1:    layout_caves, serial_shops, shop, uniq_jorgrun
Orc:2:    grunt_orc_tribal_feast, layout_diamond_mine,
          portal_ice_cave_entry_ice_beasts, basic_altar, uniq_rupert
Vaults:1: hangedman_vaults_slither, grunt_vaults_trifunnel,
          ontoclasm_vaults_pinch, vaults_dpeg_diagonal, v_misc_10,
          ontoclasm_vaults_gateway, grunt_vaults_twisty,
          vaults_room_mumra_shop_pool, layout_vaults_quadrants

Skill      XL: |  1  2  3  4  5  6  7  8  9 10 11 12 13 14 15 16 17 |
---------------+----------------------------------------------------+-----
Axes           | 2 3 4 5 7 8 9 10 11 12 13 | 13.3
Dodging        | 1 2 3 4 5 6 7 8 9 |  9.8
Armour         | 2 3 4 5 6 7 8 9 10 11 12 | 12.7
Invocations    | 3 4 5 6 7 8 10 11 | 11.8
Fighting       | 4 5 6 8 9 10 11 12 13 | 13.3
Shields        | 1 2 3 4 5 6 7 8 |  8.1
Evocations     | 1 2 |  2.4
Throwing       | 2 3 |  3.4

Action                   |  1- 3 |  4- 6 |  7- 9 | 10-12 | 13-15 | 16-18 || total
-------------------------+-------+-------+-------+-------+-------+-------++-------
Melee: Hand axe          |   118 |   194 |   338 |  1042 |  1968 |  1154 ||  4814
       Kick              |    14 |    50 |    78 |   287 |   585 |   465 ||  1479
       Unarmed           |       |       |       |       |     2 |       ||     2
Throw: Boomerang         |       |     2 |     4 |    27 |    75 |    28 ||   136
Invok: Depart the Abyss  |     1 |       |       |       |       |     1 ||     2
       Banish            |       |       |     1 |    15 |    23 |    22 ||    61
       Corrupt           |       |       |       |       |     1 |     1 ||     2
       Bend Space        |       |       |       |       |       |     1 ||     1
Evoke: Wand              |       |     3 |    13 |    18 |    28 |    13 ||    75
  Use: Scroll            |     5 |     5 |     6 |    16 |    15 |     7 ||    54
       Potion            |     1 |       |       |     6 |     9 |    17 ||    33
  Eat: Chunk             |     1 |     9 |    15 |    31 |    52 |    12 ||   120
       Ration            |       |       |     1 |     3 |     9 |    11 ||    24
Armor: Leather armour    |    55 |    92 |       |       |       |       ||   147
       Ring mail         |       |     4 |   154 |    69 |       |       ||   227
       Chain mail        |       |       |       |   541 |   851 |       ||  1392
       Plate armour      |       |       |       |       |   241 |   830 ||  1071
Dodge: Dodged            |    80 |   106 |   111 |   203 |   657 |   407 ||  1564
Block: Buckler           |       |     5 |    20 |       |       |       ||    25
       Shield            |       |       |    37 |   463 |  1049 |   812 ||  2361

Table legend:
 A = Non-vault XP
 B = Vault XP
 C = Vault XP percentage of total XP
 D = Non-vault monster count
 E = Vault monster count
 F = Vault count percentage of total count
                 A         B        C        D         E       F
            +---------+---------+-------+---------+---------+-------
      Total |  160256 |   84890 |  34.6 |     791 |     254 |  24.3
            +---------+---------+-------+---------+---------+-------
        D:1 |      74 |       9 |  10.8 |      32 |       6 |  15.8
        D:2 |      63 |      19 |  23.2 |      23 |       3 |  11.5
        D:3 |     117 |      18 |  13.3 |      24 |       9 |  27.3
        D:4 |     615 |       0 |   0.0 |      21 |       0 |   0.0
        D:5 |    1069 |       0 |   0.0 |      18 |       0 |   0.0
        D:6 |    1776 |     773 |  30.3 |      36 |       6 |  14.3
        D:7 |     637 |     226 |  26.2 |      12 |       2 |  14.3
        D:8 |    1008 |     100 |   9.0 |      24 |       1 |   4.0
        D:9 |    2897 |       0 |   0.0 |      28 |       0 |   0.0
       D:10 |    3083 |     966 |  23.9 |      35 |       3 |   7.9
       D:11 |    6471 |   13051 |  66.9 |      38 |      46 |  54.8
       D:12 |    3177 |       0 |   0.0 |       8 |       0 |   0.0
       D:13 |    1945 |       0 |   0.0 |      33 |       0 |   0.0
       D:14 |   10474 |   10920 |  51.0 |      40 |      32 |  44.4
       D:15 |    6423 |    2783 |  30.2 |      20 |      10 |  33.3
     Lair:1 |    1594 |       0 |   0.0 |       9 |       0 |   0.0
     Lair:2 |   12002 |    1652 |  12.1 |      44 |       8 |  15.4
     Lair:3 |    1852 |       0 |   0.0 |       6 |       0 |   0.0
     Lair:4 |   10657 |     363 |   3.3 |      44 |       8 |  15.4
     Lair:5 |    9591 |    1982 |  17.1 |      37 |       6 |  14.0
     Lair:6 |    5632 |   10222 |  64.5 |      22 |      27 |  55.1
   Spider:1 |   10057 |    2658 |  20.9 |      30 |       1 |   3.2
   Spider:2 |   17271 |    2081 |  10.8 |      49 |       1 |   2.0
   Spider:3 |   16486 |    2216 |  11.8 |      40 |       4 |   9.1
   Spider:4 |    9856 |   19748 |  66.7 |      27 |      29 |  51.8
      Orc:1 |    5360 |    4956 |  48.0 |      39 |       5 |  11.4
      Orc:2 |    4161 |    6789 |  62.0 |      28 |      34 |  54.8
   Vaults:1 |    8537 |    3241 |  27.5 |      11 |       7 |  38.9
    Abyss:2 |    2096 |       0 |   0.0 |       5 |       0 |   0.0
    Abyss:3 |    5275 |       0 |   0.0 |       8 |       0 |   0.0
      Sewer |       0 |     117 | 100.0 |       0 |       6 | 100.0
            +---------+---------+-------+---------+---------+-------
